Map: Beckett Industries LE

Players

MaxPax

  • Race: Protoss Protoss

Serral - Winner!

  • Race: Zerg Zerg

Event: DreamHack SC2 Masters 2021 Fall

VOD

Have the link to the VOD?

Description

Time

  • Played on: Aug. 10, 2021, 11:42 a.m.
  • Length: 19:14

All games in this series

Show
View Real Time Build Order
Export as new Build Order

MaxPax Protoss 

Build Orders: 1 Gate Expand, Oracle Opening, Carriers 

Get SALT Encoding   

  12  0:00  Probe  
  13  0:12  Probe  
  14  0:19  Pylon  
  14  0:24  Probe  
  15  0:37  Probe (Chrono Boost)  
  15  0:39  Gateway  
  16  0:47  Assimilator, Probe (Chrono Boost)  
  17  0:52  Probe (Chrono Boost)  
  18  1:03  Probe  
  19  1:15  Probe  
  20  1:24  Nexus  
  20  1:35  Cybernetics Core  
  20  1:38  Probe  
  21  1:43  Assimilator  
  20  1:50  Probe  
  21  1:54  Pylon  
  21  2:02  Probe  
  22  2:12  Adept  
  22  2:15  Probe (Chrono Boost)  
  25  2:17  Stargate  
  25  2:26  Warp Gate, Probe (Chrono Boost)  
  26  2:33  Probe (Chrono Boost)  
  26  2:36  Probe (Chrono Boost)  
  28  2:42  Adept  
  31  2:45  Probe (Chrono Boost)  
  31  2:46  Probe (Chrono Boost)  
  31  2:50  Probe (Chrono Boost)  
  32  2:52  Void Ray (Chrono Boost)  
  32  2:53  Probe  
  34  3:02  Probe  
  34  3:05  Probe  
  40  3:12  Pylon  
  40  3:14  Probe  
  40  3:17  Probe  
  42  3:22  Gateway  
  42  3:26  Probe  
  43  3:28  Oracle (Chrono Boost)  
  43  3:29  Probe  
  47  3:38  Probe  
  48  3:41  Probe  
  49  3:50  Probe  
  49  3:52  Nexus  
  49  3:53  Probe  
  51  3:56  Pylon  
  51  4:02  Probe  
  52  4:05  Assimilator  
  52  4:06  Probe  
  52  4:07  Assimilator  
  52  4:08  Void Ray (Chrono Boost)  
  53  4:14  Probe  
  58  4:20  Probe  
  58  4:23  Protoss Air Weapons Level 1  
  59  4:27  Probe  
  59  4:30  Pylon  
  60  4:32  Probe  
  60  4:33  Forge  
  61  4:39  Probe  
  61  4:44  Stargate  
  62  4:46  Void Ray (Chrono Boost)  
  62  4:47  Pylon  
  62  4:48  Probe  
  62  4:51  Probe  
  64  4:58  Shield Battery  
  68  5:00  Probe  
  68  5:03  Probe  
  70  5:07  Shield Battery  
  70  5:08  Probe  
  70  5:12  Probe  
  72  5:15  Assimilator, Probe  
  72  5:17  Robotics Facility  
  72  5:19  Assimilator  
  74  5:21  Void Ray (Chrono Boost)  
  74  5:24  Probe  
  74  5:25  Photon Cannon  
  79  5:33  Photon Cannon  
  79  5:34  Probe  
  80  5:42  Shield Battery  
  81  5:43  Shield Battery  
  81  5:46  Pylon  
  81  5:48  Void Ray (Chrono Boost)  
  80  5:51  Probe  
  80  5:53  Probe  
  80  5:55  Void Ray (Chrono Boost)  
  80  5:56  Probe  
  83  6:03  Probe  
  88  6:05  Probe  
  88  6:06  Twilight Council  
  88  6:08  Probe  
  88  6:09  Robotics Bay  
  90  6:15  Probe  
  90  6:17  Probe  
  92  6:20  Probe  
  92  6:21  Gateway, Robotics Facility  
  93  6:27  Gateway, Probe  
  93  6:30  Zealot x2  
  93  6:31  Pylon  
  98  6:33  Protoss Ground Weapons Level 1 (Chrono Boost)  
  98  6:43  Probe  
  98  6:46  Charge (Chrono Boost)  
  98  6:52  Gateway  
  98  6:54  Nexus  
  98  6:55  Gateway  
  98  6:56  Pylon  
  98  6:57  Photon Cannon  
  99  7:05  Observer (Chrono Boost)  
  99  7:06  Void Ray x2, Disruptor (Chrono Boost)  
  98  7:14  Probe  
  110  7:17  Gateway  
  110  7:19  Probe x2  
  112  7:25  Disruptor (Chrono Boost)  
  112  7:27  Probe  
  116  7:31  Photon Cannon, Probe  
  115  7:37  Observer, Gateway  
  115  7:42  Gateway  
  115  7:43  Templar Archives  
  115  7:45  Pylon  
  115  7:47  Nexus  
  115  7:48  Photon Cannon  
  116  7:55  Pylon, Probe  
  116  7:56  Observer  
  116  7:58  Observer (Chrono Boost)  
  117  8:01  Disruptor (Chrono Boost)  
  117  8:03  Probe x2  
  117  8:05  Photon Cannon  
  122  8:07  Probe  
  122  8:08  Pylon  
  122  8:11  Disruptor (Chrono Boost)  
  123  8:12  Pylon  
  126  8:20  High Templar x2, Zealot  
  126  8:24  Pylon  
  126  8:25  Archon  
  126  8:26  Photon Cannon  
  126  8:27  Warp Prism (Chrono Boost)  
  132  8:29  Pylon  
  132  8:30  Pylon  
  132  8:33  Probe x2  
  136  8:38  Protoss Ground Weapons Level 2 (Chrono Boost), High Templar x2  
  136  8:40  Zealot x3  
  146  8:43  Archon  
  146  8:49  Assimilator  
  146  8:52  Assimilator  
  146  8:57  High Templar x2, Zealot x2  
  146  9:01  Archon  
  150  9:15  Zealot x5  
  158  9:25  Psionic Storm  
  158  9:26  Void Ray x2  
  158  9:30  Pylon  
  154  9:33  Gateway  
  151  9:41  Zealot x8  
  163  9:46  Fleet Beacon  
  163  9:59  Probe x2  
  165  10:04  High Templar x2  
  165  10:06  Photon Cannon  
  153  10:09  Photon Cannon  
  153  10:10  Photon Cannon  
  153  10:12  High Templar  
  155  10:21  Pylon  
  155  10:22  Stargate  
  155  10:25  High Templar  
  157  10:28  Flux Vanes  
  157  10:38  Carrier (Chrono Boost)  
  163  10:48  Nexus  
  162  10:50  Pylon  
  162  10:52  Pylon  
  168  10:58  Photon Cannon  
  168  11:00  Photon Cannon  
  164  11:04  Pylon  
  164  11:08  Pylon  
  166  11:12  Carrier (Chrono Boost)  
  166  11:13  Pylon, Carrier (Chrono Boost)  
  166  11:16  Photon Cannon  
  156  11:20  Immortal x2 (Chrono Boost)  
  163  11:33  Zealot x7  
  163  11:38  Assimilator  
  175  11:41  Assimilator  
  175  11:42  Pylon  
  177  11:47  Carrier (Chrono Boost)  
  177  11:52  Zealot x3  
  183  11:56  Zealot x3  
  187  12:12  Carrier (Chrono Boost)  
  193  12:21  Carrier (Chrono Boost)  
  193  12:25  Nexus  
  191  12:32  Protoss Ground Weapons Level 3  
  186  12:38  Stalker  
  186  12:50  Photon Cannon  
  186  12:51  Protoss Air Weapons Level 2  
  186  12:54  Photon Cannon  
  194  13:05  Probe x2  
  194  13:08  Pylon  
  194  13:15  Zealot  
  194  13:16  Zealot x2  
  189  13:31  Void Ray (Chrono Boost)  
  189  13:32  Void Ray (Chrono Boost)  
  173  13:34  Archon  
  173  13:39  Zealot x4  
  185  13:42  Void Ray (Chrono Boost)  
  185  13:45  Observer  
  164  14:03  Void Ray (Chrono Boost)  
  164  14:04  Void Ray (Chrono Boost)  
  148  14:18  Zealot x5  
  137  14:28  Void Ray  
  121  14:36  Void Ray  
  121  14:38  Void Ray  
  109  15:05  Void Ray (Chrono Boost)  
  91  15:11  Void Ray (Chrono Boost)  
  91  15:13  High Templar x10, Void Ray (Chrono Boost)  
  111  15:17  Archon x3  
  111  15:18  Archon x2  
  119  15:38  Void Ray (Chrono Boost)  
  119  15:42  Void Ray (Chrono Boost)  
  123  15:46  Zealot x3  
  123  15:47  Zealot  
  135  15:54  Zealot  
  137  16:03  Void Ray (Chrono Boost)  
  141  16:09  Zealot  
  143  16:18  Observer  
  143  16:25  Void Ray (Chrono Boost)  
  140  16:40  High Templar x2  
  138  16:54  High Templar  
  140  17:04  High Templar  
  140  17:06  Nexus  
  142  17:12  High Templar  
  144  17:16  Pylon  
  144  17:26  Tempest (Chrono Boost)  
  149  17:36  Probe x3  
  152  17:39  Zealot  
  154  17:44  Zealot  
  154  17:49  Zealot  
  156  18:11  High Templar x2  
  156  18:12  Zealot x3  
  152  18:16  Archon  
  152  18:21  Zealot  
  152  18:23  Void Ray  
  142  18:43  Zealot x3  
Show
View Real Time Build Order
Export as new Build Order

Serral Zerg - Winner!

Build Orders: Hatch First, Brood Lord Corruptor 

Get SALT Encoding   

  12  0:00  Drone  
  13  0:12  Overlord  
  13  0:17  Drone  
  14  0:30  Drone x2  
  16  0:48  Hatchery  
  15  0:51  Drone  
  15  0:55  Drone  
  17  0:58  Drone  
  18  1:10  Extractor  
  17  1:14  Spawning Pool  
  17  1:17  Drone  
  17  1:21  Drone  
  18  1:28  Drone  
  19  1:39  Drone  
  20  1:49  Overlord  
  20  2:01  Queen x2  
  20  2:02  Zergling x4  
  26  2:10  Drone  
  26  2:12  Drone  
  26  2:14  Metabolic Boost  
  28  2:21  Drone  
  28  2:22  Drone  
  30  2:35  Hatchery  
  29  2:38  Drone  
  29  2:40  Drone  
  31  2:46  Queen  
  32  2:51  Overlord  
  32  2:53  Drone  
  32  2:56  Drone  
  32  2:58  Drone  
  35  3:03  Overlord  
  35  3:10  Drone x4  
  40  3:12  Drone  
  40  3:14  Drone  
  40  3:16  Drone  
  40  3:19  Drone  
  43  3:24  Queen  
  45  3:29  Queen  
  45  3:32  Spore Crawler  
  46  3:35  Overlord  
  46  3:37  Drone  
  47  3:41  Drone x2  
  47  3:42  Drone  
  47  3:45  Drone  
  51  3:49  Overlord  
  51  3:51  Zergling x4  
  51  3:53  Drone x2  
  55  3:56  Spore Crawler  
  55  3:59  Drone  
  55  4:00  Drone  
  56  4:03  Zergling x2  
  56  4:04  Drone  
  56  4:05  Drone  
  56  4:08  Zergling x2  
  60  4:11  Drone  
  60  4:14  Overlord  
  60  4:16  Drone x3  
  64  4:20  Drone  
  63  4:24  Drone  
  63  4:26  Roach Warren, Drone x2  
  63  4:27  Drone  
  63  4:31  Spore Crawler  
  65  4:35  Drone x3  
  65  4:36  Queen  
  70  4:40  Overlord  
  70  4:41  Zergling x2  
  70  4:44  Drone  
  70  4:45  Drone x2  
  74  4:48  Lair  
  74  4:51  Extractor x2  
  74  4:52  Overlord  
  72  4:53  Drone  
  72  4:57  Drone x4  
  77  5:05  Hatchery  
  76  5:07  Drone x2  
  76  5:12  Evolution Chamber  
  77  5:14  Queen  
  77  5:17  Drone x5  
  77  5:18  Extractor  
  83  5:21  Queen  
  83  5:25  Overlord  
  83  5:26  Drone x3  
  83  5:27  Drone  
  89  5:33  Overlord, Extractor  
  89  5:34  Extractor  
  87  5:35  Overlord  
  87  5:41  Drone x2  
  89  5:43  Overlord  
  89  5:45  Drone x2  
  91  5:50  Overseer  
  91  5:51  Spire, Infestation Pit  
  91  5:53  Drone x2  
  91  5:56  Drone  
  91  5:57  Drone x2  
  94  6:02  Glial Reconstitution  
  94  6:05  Queen, Zerg Missile Weapons Level 1  
  94  6:08  Queen  
  100  6:12  Extractor  
  100  6:15  Drone x3, Extractor  
  100  6:16  Drone  
  101  6:18  Spore Crawler  
  101  6:20  Drone x4  
  101  6:24  Drone  
  101  6:25  Baneling Nest  
  104  6:27  Hive  
  104  6:30  Drone x5  
  106  6:36  Drone x3  
  109  6:45  Drone x4  
  112  6:50  Drone  
  112  6:51  Evolution Chamber  
  112  6:54  Overlord x6  
  112  6:57  Roach x2  
  115  7:02  Roach x3  
  115  7:03  Roach  
  121  7:09  Queen x2  
  121  7:12  Queen  
  121  7:13  Roach x2  
  132  7:16  Roach x3  
  132  7:17  Roach  
  132  7:19  Roach  
  132  7:20  Roach  
  132  7:21  Roach  
  146  7:23  Centrifical Hooks  
  146  7:30  Evolution Chamber  
  146  7:31  Hatchery  
  146  7:32  Roach x2  
  148  7:37  Zergling x10  
  148  7:41  Overlord x3  
  153  7:44  Viper  
  153  7:45  Greater Spire  
  153  7:50  Ravager  
  153  7:51  Ravager x2  
  159  7:52  Zergling x14  
  159  7:54  Pneumatized Carapace  
  159  7:56  Baneling x5  
  166  7:59  Zerg Ground Armor Level 1  
  166  8:01  Zerg Melee Weapons Level 1  
  166  8:04  Adrenal Glands  
  166  8:08  Zergling x10  
  171  8:17  Viper x2  
  176  8:22  Overlord, Extractor  
  175  8:28  Zergling x2  
  175  8:29  Zergling x20  
  180  8:35  Extractor  
  180  8:38  Drone  
  177  8:42  Corruptor x6  
  189  8:49  Baneling x6  
  189  8:53  Baneling x5  
  189  8:58  Zergling x16  
  188  9:13  Zergling x12  
  193  9:19  Brood Lord  
  193  9:20  Brood Lord x3  
  197  9:26  Brood Lord x2  
  197  9:31  Spine Crawler x3  
  199  9:32  Spine Crawler  
  186  9:46  Corruptor  
  186  9:47  Corruptor x6  
  186  9:51  Zerg Flyer Armor Level 1  
  198  10:07  Drone x7  
  191  10:09  Zerg Ground Armor Level 2, Zerg Melee Weapons Level 2  
  195  10:23  Spore Crawler  
  195  10:24  Spore Crawler x2  
  195  10:25  Spire  
  195  10:26  Hatchery  
  190  10:28  Overseer  
  190  10:34  Corruptor x2  
  192  10:53  Corruptor x3  
  192  10:55  Drone  
  200  10:57  Drone  
  196  11:22  Zergling x8  
  198  11:34  Corruptor  
  198  11:37  Greater Spire  
  198  11:39  Pathogen Glands  
  200  11:45  Zerg Flyer Weapons Level 1  
  200  11:54  Hatchery  
  197  12:03  Zergling x6  
  194  12:16  Baneling x5, Zergling x2  
  194  12:17  Zergling x6  
  194  12:21  Burrow  
  197  12:35  Neural Parasite  
  196  12:39  Hatchery  
  194  12:44  Zerg Melee Weapons Level 3, Corruptor x2, Zerg Ground Armor Level 3  
  198  12:52  Spore Crawler  
  198  12:55  Overseer  
  198  12:58  Baneling x4  
  197  13:05  Overseer  
  180  13:37  Corruptor x12  
  197  13:41  Corruptor x2  
  197  13:42  Corruptor  
  183  14:07  Corruptor x8  
  172  14:17  Zergling x20  
  167  14:25  Corruptor x6  
  161  14:34  Corruptor x5  
  163  14:43  Zergling x4  
  157  14:46  Corruptor  
  143  14:53  Zergling x4  
  143  14:56  Zergling x2  
  142  15:04  Corruptor x2  
  142  15:10  Zergling x2  
  143  15:16  Viper x2  
  149  15:22  Zergling x2  
  148  15:29  Corruptor x2  
  148  15:35  Spore Crawler x2  
  152  15:36  Spore Crawler x3  
  152  15:40  Spore Crawler x2, Brood Lord x5  
  155  15:45  Brood Lord  
  155  15:50  Zergling x8  
  159  15:58  Corruptor  
  159  15:59  Queen x2  
  159  16:00  Hatchery, Queen  
  164  16:05  Drone x3  
  164  16:10  Brood Lord  
  169  16:18  Brood Lord  
  165  16:34  Corruptor x4  
  177  16:53  Brood Lord  
  181  16:58  Infestor  
  180  17:05  Brood Lord  
  181  17:11  Overlord x2  
  181  17:12  Overlord  
  181  17:17  Infestor x4  
  181  17:21  Infestor  
  186  17:31  Zergling x2  
  186  17:32  Zergling x8  
  186  17:34  Overseer  
  194  17:47  Viper  
  192  17:55  Drone x17  
  192  17:57  Corruptor x3  
  198  18:00  Drone x3  
  195  18:18  Corruptor  
  197  18:22  Hatchery  
  191  18:34  Zergling x16  

Tags
 
Add a new tag
Caveats
  • Supply blocks, unpowered buildings, or Contaminate may cause inaccurate times.
  • Supply counts are checked every 10 seconds.